 Dungeon Crawl Stone Soup version 0.32-a0-131-g9dbbe29261 (webtiles) character file.

Game seed: 13658286372318753750

613255 seren the Shapeless Draconian (level 26, -11/257 HPs)
             Began as a White Draconian Shapeshifter on Feb 6, 2024.
             Was the Champion of Wu Jian.
             Mangled by a broodmother (27 damage)
             ... spawned from a protean progenitor
             ... on level 1 of the Realm of Zot on Feb 8, 2024.
             The game lasted 04:50:45 (63037 turns).

seren the Shapeless Draconian (DrSh)               Turns: 63037, Time: 04:50:46

Health: -11/257    AC: 26    Str: 35    XL:     26   Next: 30%
Magic:  13/28      EV: 26    Int: 10    God:    Wu Jian [******]
Gold:   2421       SH:  5    Dex: 11    Spells: 34/45 levels left

rFire   + +          +
                       - Unarmed
rCold   + + +        D - orb "Trusted Companion" {light, Will+}
rNeg    + + +        (body armour unavailable)
rPois   ∞            X - +1 hat "Qosuud" {Regen+ Dex+3}
rElec   +            A - +2 cloak {rPois}
rCorr   +            C - +2 pair of gloves {Str+3}
SInv    +            M - +2 pair of boots of Buaqoq {rPois rCorr Str+5 Dex-4}
Will    +++..        P - amulet "Bafab" {Reflect Rampage rElec rF+++ Dex-5 SH+5}
Stlth   ++           N - +4 ring of protection
HPRegen 1.42/turn    m - ring of the Swan {Ice rElec MP-9 Str+4 SInv}
MPRegen 0.21/turn

%: reflection, rampage
@: about to teleport, death-form, in a heavenly storm, very slightly
contaminated, slowed, glowing, studying 3 skills, very slow
A: vile attack, torment immunity, no potions, (breathe frost), AC +12, unfitting
armour, cold resistance 1, cold-blooded, fire resistance 1, robust 1, subdued
magic 1
}: 4/15 runes: decaying, serpentine, slimy, silver
a: Siphon Essence, Begin Untransformation, Renounce Religion, Wall Jump,
Serpent's Lash, Heavenly Storm


You were on level 1 of the Realm of Zot.
You worshipped Wu Jian.
Wu Jian was exalted by your worship.
You were an undying horror.
You visited 14 branches of the dungeon, and saw 55 of its levels.
You visited the Abyss 1 time.
You also visited: Gauntlet and Wizlab.

You collected 9751 gold pieces.
You spent 7330 gold pieces at shops.

Inventory:

Missiles
 F - 10 curare-tipped darts (quivered)
Armour
 c - a +1 buckler of positive energy
 A - a +2 cloak of poison resistance (worn)
 C - a +2 pair of gloves of strength (worn)
 D - the orb "Trusted Companion" (worn) {light, Will+}
   (You took it off Frederick on level 2 of the Vaults)

   Will+:     It increases your willpower.
 M - the +2 pair of boots of Buaqoq (worn) {rPois rCorr Str+5 Dex-4}
   (You found it on level 5 of the Lair of Beasts)

   Str+5:     It affects your strength (+5).
   Dex-4:     It affects your dexterity (-4).
   rPois:     It protects you from poison rCorr: It protects you from acid and
   corrosion.
 X - the +1 hat "Qosuud" (worn) {Regen+ Dex+3}
   (You bought it in a shop on level 1 of the Elven Halls)

   Dex+3:     It affects your dexterity (+3).
   Regen+:    It increases your rate of health regeneration.
Jewellery
 m - the ring of the Swan (right hand) {Ice rElec MP-9 Str+4 SInv}
   (You bought it in a shop on level 12 of the Dungeon)

   [ring of ice]

   Ice:       It enhances your ice magic.
   Str+4:     It affects your strength (+4).
   rF-:       It makes you vulnerable to fire.
   rC+:       It protects you from cold.
   rElec:     It insulates you from electricity.
   MP-9:      It affects your magic capacity (-9).
   SInv:      It lets you see invisible.
 r - the ring of Keorgh {rElec rCorr Str+6 Int+2}
   (You took it off a spriggan berserker on level 2 of the Depths)

   [ring of strength]

   Str+6:     It affects your strength (+6).
   Int+2:     It affects your intelligence (+2).
   rElec:     It insulates you from electricity.
   rCorr:     It protects you from acid and corrosion.
 s - the ring of Spontaneous Combustion {Ice Will+}
   (You took it off Josephina on level 4 of the Depths)

   [ring of ice]

   Ice:       It enhances your ice magic.
   rF-:       It makes you vulnerable to fire.
   rC+:       It protects you from cold.
   Will+:     It increases your willpower.
 I - the amulet of Vitality {RegenMP++ Regen++}
   (You found it on level 2 of the Swamp)

   [amulet of magic regeneration]

   RegenMP:   It increases your rate of magic regeneration.
   Regen++:   It increases your rate of health regeneration.
 J - the ring "Tetoh" {rC++ rN+ Will+ Str+2}
   (You found it on level 3 of the Elven Halls)

   [ring of willpower]

   Str+2:     It affects your strength (+2).
   rC++:      It greatly protects you from cold.
   rN+:       It protects you from negative energy.
   Will+:     It increases your willpower.
 K - the ring of Haafras {^Drain rElec rCorr Int+6 Dex+3}
   (You found it in a wizard's laboratory)

   [ring of intelligence]

   Int+6:     It affects your intelligence (+6).
   Dex+3:     It affects your dexterity (+3).
   rElec:     It insulates you from electricity.
   rCorr:     It protects you from acid and corrosion.
   ^Drain:    It drains your maximum health when unequipped.
 N - a +4 ring of protection (left hand)
 P - the amulet "Bafab" (around neck) {Reflect Rampage rElec rF+++ Dex-5 SH+5}
   (You bought it in a shop on level 2 of the Snake Pit)

   [amulet of reflection]

   Reflect:   It reflects blocked missile attacks.
   Dex-5:     It affects your dexterity (-5).
   rF+++:     It renders you almost immune to fire.
   rElec:     It insulates you from electricity.
   SH+5:      It affects your SH (+5).
   Rampage:   It bestows one free step when moving towards enemies.
Talismans
 b - a talisman of death (active)
 f - a storm talisman
 q - a granite talisman
Wands
 y - a wand of mindburst (58)
 H - a wand of roots (68)
 W - a wand of digging (14)
 Z - a wand of quicksilver (23)
Scrolls
 e - 15 scrolls of teleportation {!r}
 h - 3 scrolls of silence
 l - 7 scrolls of fear
 n - 6 scrolls of revelation
 t - 6 scrolls of butterflies
 x - 8 scrolls of poison
 E - a scroll of torment
 L - 7 scrolls of enchant armour
 Q - a scroll of blinking {!r}
 R - 3 scrolls of immolation
 U - a scroll of brand weapon
 V - 13 scrolls of fog
Potions
 a - 11 potions of mutation {!q}
 d - 2 potions of magic
 g - 23 potions of curing
 i - 7 potions of haste
 k - 2 potions of invisibility
 o - 7 potions of might
 v - 5 potions of resistance
 w - 9 potions of heal wounds
 G - 6 potions of enlightenment
 O - 7 potions of cancellation
 T - 11 potions of ambrosia
Miscellaneous
 p - a condenser vane
 u - the horn of Geryon
 z - a phial of floods
 B - a lightning rod (4/4)
 S - a phantom mirror


   Skills:
 + Level 18.6 Fighting
 + Level 20.7 Dodging
 * Level 7.4 Stealth
 * Level 10.7 Shields
 + Level 18.0 Unarmed Combat
 + Level 10.0 Spellcasting
 + Level 13.2 Translocations
 * Level 14.6 Evocations
 O Level 27 Shapeshifting


You had 34 spell levels left.
You knew the following spells:

 Your Spells              Type           Power      Damage    Failure   Level
a - Apportation           Tloc           48%        N/A       1%          1
b - Ensorcelled Hibernat  Hex/Ice        10%        N/A       17%         2
c - Manifold Assault      Tloc           24%        N/A       1%          4
p - Passage of Golubria   Tloc           24%        N/A       1%          4

Your spell library contained the following spells:

 Spells                   Type           Power      Damage    Failure   Level
 Blink                    Tloc           48%        N/A       1%          2
 Lesser Beckoning         Tloc           48%        N/A       1%          2
 Momentum Strike          Conj/Tloc      28%        3d8       1%          2
 Gell's Gravitas          Tloc           24%        N/A       1%          3
 Teleport Other           Tloc           24%        N/A       1%          3
 Dimensional Bullseye     Hex/Tloc       7%         N/A       7%          4
 Vhi's Electric Charge    Tloc/Air       28%        N/A       7%          4
 Dispersal                Tloc           12%        N/A       7%          6
 Freeze                   Ice            20%        1d4       12%         1
 Kiss of Death            Conj/Necr      12%        2d6       12%         1
 Magic Dart               Conj           12%        1d3       12%         1
 Slow                     Hex            12%        N/A       12%         1
 Sting                    Conj/Alch      12%        1d3       12%         1
 Summon Small Mammal      Summ           12%        N/A       12%         1
 Call Imp                 Summ           6%         N/A       17%         2
 Cigotuvi's Dreadful Rot  Necr/Alch/Air  6%         N/A       17%         2
 Jinxbite                 Hex            6%         N/A       17%         2
 Scorch                   Fire           6%         2d5       17%         2
 Searing Ray              Conj           6%         2d4       17%         2
 Static Discharge         Conj/Air       6%         3-4/arc   17%         2
 Sublimation of Blood     Necr           3%         N/A       17%         2
 Summon Forest            Summ/Tloc      7%         N/A       22%         5
 Call Canine Familiar     Summ           3%         N/A       34%         3
 Confusing Touch          Hex            3%         N/A       34%         3
 Dazzling Flash           Conj/Hex       6%         N/A       34%         3
 Frozen Ramparts          Ice            10%        1d2       34%         3
 Fugue of the Fallen      Necr           3%         N/A       34%         3
 Hailstorm                Conj/Ice       5%         3d5       34%         3
 Inner Flame              Hex/Fire       3%         N/A       34%         3
 Mephitic Cloud           Conj/Alch/Air  3%         N/A       34%         3
 Ozocubu's Armour         Ice            5%         N/A       34%         3
 Sigil of Binding         Hex            3%         N/A       34%         3
 Stone Arrow              Conj/Erth      6%         3d7       34%         3
 Summon Ice Beast         Ice/Summ       5%         N/A       34%         3
 Tukima's Dance           Hex            3%         N/A       34%         3
 Vampiric Draining        Necr           3%         2d6       34%         3
 Airstrike                Air            1%         2d(1-17)  77%         4
 Anguish                  Hex/Necr       1%         N/A       77%         4
 Brom's Barrelling Bould  Conj/Erth      3%         2d3       77%         4
 Cause Fear               Hex            1%         N/A       77%         4
 Dispel Undead            Necr           3%         3d7       77%         4
 Flame Wave               Conj/Fire      3%         2d5       77%         4
 Fulminant Prism          Conj/Alch      1%         3d5       77%         4
 Ignite Poison            Fire/Alch      3%         N/A       77%         4
 Leda's Liquefaction      Alch/Erth      1%         N/A       77%         4
 Martyr's Knell           Necr/Summ      3%         N/A       77%         4
 Sticky Flame             Fire/Alch      3%         2d4       77%         4
 Summon Blazeheart Golem  Fire/Summ      3%         N/A       77%         4
 Summon Lightning Spire   Summ/Air       3%         N/A       77%         4
 Alistair's Intoxication  Alch           2%         N/A       98%         5
 Arcjolt                  Conj/Air       1%         1d11      98%         5
 Borgnjor's Vile Clutch   Necr/Erth      1%         N/A       98%         5
 Curse of Agony           Necr           3%         N/A       98%         5
 Freezing Cloud           Conj/Ice/Air   2%         6-21      98%         5
 Iskenderun's Battlesphe  Conj           3%         2d6       98%         5
 Lee's Rapid Deconstruct  Erth           1%         3d4*      98%         5
 Silence                  Hex/Air        1%         N/A       98%         5
 Summon Mana Viper        Hex/Summ       3%         N/A       98%         5
 Yara's Violent Unravell  Hex/Alch       1%         3d3       98%         5
 Bombard                  Conj/Erth      1%         9d1       100%        6
 Death Channel            Necr           1%         N/A       100%        6
 Eringya's Noxious Bog    Alch           1%         4d6       100%        6
 Sculpt Simulacrum        Ice/Alch       2%         N/A       100%        6
 Starburst                Conj/Fire      1%         6d3       100%        6
 Summon Cactus Giant      Summ           1%         N/A       100%        6
 Enfeeble                 Hex            1%         N/A       100%        7
 Haunt                    Necr/Summ      1%         N/A       100%        7
 Ozocubu's Refrigeration  Ice            2%         4d8       100%        7
 Spellforged Servitor     Conj/Summ      1%         N/A       100%        7
 Summon Hydra             Summ           1%         N/A       100%        7
 Borgnjor's Revivificati  Necr           1%         N/A       100%        8
 Ignition                 Fire           1%         3d3       100%        8
 Lehudib's Crystal Spear  Conj/Erth      1%         10d2      100%        8
 Maxwell's Capacitive Co  Air            1%         ∞         100%        8
 Chain Lightning          Conj/Air       1%         3d2       100%        9
 Death's Door             Necr           1%         N/A       100%        9
 Fire Storm               Conj/Fire      1%         8d1       100%        9
 Polar Vortex             Ice            2%         N/A       100%        9
 Shatter                  Erth           1%         3d6*      100%        9


Dungeon Overview and Level Annotations

Branches:
Dungeon (15/15)            Temple (1/1) D:6            Lair (5/5) D:8
  Swamp (4/4) Lair:2        Snake (4/4) Lair:2        Slime (5/5) Lair:4
    Orc (2/2) D:11            Elf (3/3) Orc:2        Vaults (5/5) D:13
  Crypt (3/3) Vaults:2       Tomb (1/3) Crypt:3      Depths (4/4) D:15
   Hell (visited)             Dis (0/7) Hell            Geh (0/7) Hell
    Coc (0/7) Hell            Tar (0/7) Hell            Zot (2/5) Depths:4
 WizLab (visited)         Gauntlet (visited)

Altars:
Ashenzari
Cheibriados
Dithmenos
Elyvilon
Fedhas
Gozag
Hepliaklqana
Kikubaaqudgha
Makhleb
Nemelex Xobeh
Okawaru
Qazlal
Ru
Sif Muna
Trog
Uskayaw
Vehumet
Wu Jian
Xom
Yredelemnul
Zin
The Shining One
Jiyva

Shops:
D:2 =   D:9 [   D:10 (   D:11 (   D:12 (=*   D:13 (   Orc:2 *[(=   Elf:1 [:
Elf:2 :   Snake:2 :=[=[   Snake:3 =::   Vaults:1 [[(*:   Vaults:2 *=!*(
Depths:3 ![?

Portals:
Hell: Lair:5 Depths:1 Depths:2 Depths:3 Depths:4
Abyss: Depths:3
Pandemonium: Depths:1 Depths:2
Ziggurat: Depths:2
Trove: D:10 (give 4 scrolls of blinking)

Annotations:
D:8 exclusion: upstairs
Lair:4 exclusion: downstairs


Innate Abilities, Weirdness & Mutations

You are an undying horror.
Your melee and unarmed attacks drain, slow and weaken victims.
You are immune to unholy pain and torment.
You cannot drink.
You are immune to poison.
((You can breathe waves of freezing cold which knock back foes.))
Your icy white scales are hard. (AC +12)
You cannot fit into any form of body armour.
Your flesh is cold resistant. (rC+)
You are cold-blooded and may be slowed by cold attacks.
Your flesh is heat resistant. (rF+)
You are robust. (+10% HP)
Your spells are a little easier to cast, but a little less powerful.


Message History

The black draconian knight is heavily wounded.
You barely miss the black draconian knight.
You tail-slap the black draconian knight, but do no damage.
The black draconian knight is heavily wounded.
The red draconian is no longer moving slowly.
The red draconian is no longer weakened.
The red draconian seems less drained.
The death cob misses you.
The purple draconian shifter casts a spell.
The purple draconian shifter blinks!
The death cob hits you!
* * * LOW HITPOINT WARNING * * *
The death cob drains your vigour!
You feel as though you will be slow longer.
The black draconian knight completely misses you.
The broodmother misses you.
As you read the scroll of teleportation {!r}, it crumbles to dust.
You feel strangely unstable.
You feel the Orb delaying your translocation!
The wolf spider hits you.
* * * LOW HITPOINT WARNING * * *
The wolf spider bites you!
* * * LOW HITPOINT WARNING * * *
The death cob completely misses you. The broodmother bites you!!!
* * * LOW HITPOINT WARNING * * *
A spider bursts forth from the wound!
The redback barely misses you. The wolf spider completely misses you.
The wolf spider barely misses you.
The purple draconian shifter misses you.
The death cob completely misses you. The broodmother misses you.
The redback misses you.
The black draconian knight closely misses you.
The yellow draconian annihilator casts a spell.
The yellow draconian annihilator blinks!
The wolf spider closely misses you. The wolf spider misses you.
The purple draconian shifter closely misses you.
The death cob misses you.
You cannot drink potions in your current state!
Blink to where?
Press: ? - help, Dir - move target
As you read the scroll of blinking {!r}, it crumbles to dust.
The broodmother bites you!!
You die...

.......................#.......#
.......................'.......#
^.................†....#.......#
#......................#.......#
#................##...##.......#
#.....†.......(..#######../....#
#.........⌠..[§§§§§....'..∩....##
#...##...##.))☼○☼§§....#.........
#...#######.).○○z○§....#..)......
#...'.....)...°°s#######......#..
#...#.........○s○##...##......#..
#...#.........○○°#............# .
....#.........○○○#..[.........#
....#.....).†.○§§#.....)......#
....##...##......#......).....#.
....##...##.^....#....[.......'..
.....#....☼°s○s○.##.)[####....##.


You could see a broodmother (fast, strong) and a tarantella (summoned).

Vanquished Creatures
  Dissolution (Slime:2)
  the Royal Jelly (Slime:5)
  Khufu (Crypt:3)
  An ancient lich (Vaults:5)
  Frederick (Vaults:2)
  A juggernaut (Depths:3)
  A royal mummy (Tomb:1)
  Sojobo (Vaults:3)
  Josephina (Depths:4)
  Vashnia (Snake:4)
  Vv (Crypt:2)
  Boris (Depths:3)
  Margery (Depths:3)
  Geryon (Hell)
  5 golden dragons
  2 caustic shrikes (Depths:2)
  A profane servitor (Crypt:3)
  The ghost of Wuemn the Axe Maniac, an adept MiFi of Makhleb (Vaults:4)
  A bone dragon (Crypt:3)
  A Tzitzimitl (Depths:3)
  2 doom hounds (Depths:3)
  A shard shrike zombie (Hell)
  9 tentacled monstrosities
  A hellephant (Depths:3)
  Jorgrun (Orc:2)
  Rupert (Lair:3)
  4 liches
  A moon troll (WizLab)
  The ghost of Wammyab the Lord of Darkness, an adept DsNe of Kikubaaqudgha (Snake:2)
  2 walking divine tomes (Depths:3)
  2 deep elf master archers (Elf:3)
  Grunn (Depths:3)
  29 acid blobs
  6 quicksilver dragons
  Frances (D:14)
  2 deep elf blademasters (Elf:3)
  A death cob (Zot:1)
  12 sphinxes
  Murray (Depths:2)
  6 titans
  4 ancient champions
  2 thorn hunters
  3 tentacled starspawn (WizLab)
  The ghost of Ricegish the Blocker, an adept GnFi of Okawaru (Swamp:1)
  The ghost of Ricegish the Blocker, an adept GnFi of Okawaru (Swamp:2)
  Gastronok (Lair:2)
  Roxanne (Swamp:4)
  2 shadow dragons
  Aizul (Elf:1)
  5 storm dragons
  5 tengu reavers
  3 nagarajas (Snake:4)
  2 protean progenitors
  9 fire giants
  2 revenants
  10 rockslimes
  3 draconian knights
  9 frost giants
  6 deep elf sorcerers
  10 azure jellies
  15 vault wardens
  3 iron dragons
  2 draconian scorchers (Zot:1)
  Louise (D:14)
  20 ironbound preservers
  10 ghouls
  2 draconian annihilators (Zot:1)
  2 deep elf elementalists (Elf:3)
  6 draconian stormcallers
  An orc warlord (Orc:2)
  A caustic shrike skeleton (Crypt:3)
  4 spriggan defenders
  5 reapers (Hell)
  3 cacodemons
  17 quicksilver oozes
  12 formless jellyfish
  20 stone giants
  11 ironbound thunderhulks
  5 deep elf demonologists
  4 eleionomae
  27 very ugly things
  5 vampire knights
  5 green draconians
  12 deep elf death magi
  3 black draconians (Zot:1)
  4 purple draconians (Zot:1)
  A halazid warlock (Hell)
  3 putrid mouths
  4 red draconians (Zot:1)
  A bunyip (Swamp:2)
  A spark wasp (Depths:2)
  9 deep elf annihilators
  5 white draconians
  2 blizzard demons
  7 dire elephants
  A green death (Hell)
  8 war gargoyles
  A crystal guardian (WizLab)
  3 eidola
  The ghost of Shiggs the Spear-Bearer, a journeyman TeRe of Okawaru (Lair:4)
  A spectral quicksilver dragon (Crypt:3)
  14 yaktaur captains
  4 mummy priests
  7 fire dragons
  7 ettins
  14 jiangshi (Crypt:3)
  4 deep elf high priests
  2 entropy weavers (Vaults:2)
  7 shambling mangroves (Swamp:4)
  3 salamander tyrants
  16 great orbs of eyes
  A juggernaut simulacrum (Depths:4)
  A caustic shrike simulacrum (Hell)
  2 spectral fenstrider witches (Swamp:1)
  3 spriggan air magi
  2 rakshasas
  6 ice dragons
  11 hydras
  An ogre mage (Vaults:5)
  A ghost crab (Swamp:4)
  2 peacekeepers
  A spriggan skeleton (Crypt:3)
  Erolcha (Orc:2)
  37 vault guards
  7 alligators
  12 anacondas
  13 ironbound frosthearts
  8 boulder beetles
  11 centaur warriors
  3 death knights
  14 naga warriors
  8 deep troll shamans
  A two-headed ogre (D:11)
  28 dancing weapons
  12 deep troll earth magi
  3 hell hogs (Depths:1)
  3 tengu warriors
  4 vampire magi
  5 death scarabs (Tomb:1)
  A two-headed ogre (shapeshifter) (Vaults:5)
  4 spriggan berserkers
  25 naga sharpshooters
  2 occultists
  23 deep elf knights
  12 sun demons
  The ghost of Zeyted Kurif the Thaumaturge, a journeyman DEFE of Cheibriados (Lair:1)
  7 shock serpents
  5 soul eaters
  A shock serpent (shapeshifter) (Depths:3)
  An orc high priest (Orc:1)
  A titan skeleton (Tomb:1)
  23 hell knights
  4 spriggans
  2 fire crabs (shapeshifter)
  30 skeletal warriors
  Sonja (Orc:2)
  3 spectral spriggans
  3 sixfirhies (Depths:2)
  An orange crystal statue (WizLab)
  9 salamander mystics
  A skyshark (Lair:5)
  4 shadow wraiths
  9 iron trolls
  2 wretched stars
  16 glowing orange brains
  65 deep trolls
  7 goliath frogs
  2 shadow demons (Hell)
  5 swamp dragons
  7 deep elf archers
  9 arcanists
  7 naga ritualists
  4 bog bodies
  A mana viper (shapeshifter) (Vaults:5)
  14 ironbound convokers
  10 flayed ghosts
  8 mana vipers
  3 anaconda zombies
  An orb spider (shapeshifter) (Vaults:5)
  A jorogumo zombie (Crypt:2)
  3 lindwurms (Vaults:3)
  6 phantasmal warriors
  9 harpies
  A golden dragon skeleton (Crypt:1)
  A steelbarb worm (shapeshifter) (Vaults:5)
  4 spriggan druids
  3 spectral hydras (Swamp:4)
  25 deep elf pyromancers
  32 deep elf zephyrmancers
  4 necromancers
  4 orc knights (Orc:2)
  24 salamanders
  3 shining eyes
  38 ugly things
  3 orc sorcerers
  A glowing shapeshifter (Depths:3)
  7 manticores
  6 cyclopes
  A will-o-the-wisp (Swamp:2)
  A jorogumo skeleton (Crypt:2)
  A meliai (Lair:1)
  A black mamba (shapeshifter) (D:15)
  A large abomination (Crypt:3)
  6 moths of wrath (Zot:1)
  Joseph (D:7)
  12 guardian serpents
  8 rust devils (Depths:2)
  6 elephants
  34 starcursed masses (WizLab)
  A stone giant skeleton (Crypt:2)
  A molten gargoyle (Hell)
  A torpor snail (Lair:4)
  37 black mambas
  12 eyes of devastation
  12 vault sentinels
  A fire giant skeleton (Crypt:2)
  3 orange demons
  21 naga magi
  A torpor snail (shapeshifter) (Vaults:5)
  2 storm dragon simulacra (Depths:4)
  21 cane toads
  A hellion (Depths:1)
  4 rime drakes
  6 smoke demons
  An unseen horror (D:11)
  7 komodo dragons
  A sea snake zombie (Hell)
  8 tengu conjurers
  A red devil (Lair:5)
  4 kobold demonologists
  A golden dragon simulacrum (Depths:4)
  A tormentor (Depths:3)
  14 freezing wraiths
  A spectral death drake (Swamp:1)
  3 sea snake skeletons (Hell)
  Psyche (D:8)
  4 ice devils
  A yellow draconian zombie (Crypt:1)
  15 guardian mummies
  A queen bee (Lair:1)
  10 trolls
  A wandering mushroom (Swamp:4)
  3 hydra zombies (Swamp:4)
  29 yaktaurs
  6 polar bears
  6 tyrant leeches
  An alligator simulacrum (Hell)
  18 hornets
  A wind drake (shapeshifter) (Elf:1)
  A snapping turtle (shapeshifter) (Vaults:5)
  A raiju (shapeshifter) (Vaults:5)
  2 ettin zombies
  4 glass eyes
  23 blink frogs
  An iron dragon simulacrum (Depths:4)
  A radroach zombie (Crypt:1)
  8 dream sheep
  109 slime creatures
  A slime creature (shapeshifter) (Vaults:5)
  5 shadows
  An air elemental (Elf:2)
  2 wyverns
  A ynoxinul (Abyss:2)
  A centaur simulacrum (D:15)
  2 vampires (D:12)
  An ushabti (Tomb:1)
  14 wraiths
  46 yaks
  A fire elemental (Elf:3)
  A black mamba skeleton (Crypt:1)
  18 golden eyes
  4 basilisks
  A human (Lair:3)
  3 redbacks (Vaults:2)
  9 water elementals
  6 wargs (Orc:1)
  4 steam dragons
  20 vampire mosquitoes
  8 swamp worms
  38 nagas
  3 spriggan simulacra
  4 acid dragons
  2 death drake simulacra (Swamp:1)
  3 hydra simulacra (Swamp:4)
  4 swamp drakes
  A two-headed ogre skeleton (Crypt:2)
  4 hell hounds (Lair:5)
  11 water moccasins
  20 orc warriors
  2 swamp dragon zombies (Swamp:4)
  4 black bears
  A deep troll skeleton (Crypt:1)
  26 laughing skulls
  23 wolves
  2 sky beasts
  4 small abominations
  2 ice beasts
  11 ogres
  5 boggarts (D:14)
  A crocodile (shapeshifter) (D:15)
  25 centaurs
  A phantom (D:5)
  A komodo dragon zombie (Crypt:2)
  5 kobold brigands
  17 bullfrogs
  4 earth elementals
  2 gnoll sergeants
  A scorpion (D:5)
  6 necrophages
  4 burial acolytes (Crypt:3)
  12 wights
  17 killer bees
  A troll skeleton (Crypt:1)
  6 howler monkeys
  An electric eel (D:9)
  A jelly (D:7)
  A bombardier beetle (D:5)
  A hound (D:3)
  A gnoll bouda (D:10)
  13 orc priests
  A centaur skeleton (Crypt:1)
  A human skeleton (Crypt:2)
  6 iguanas
  20 orc wizards
  7 hell rats (Depths:2)
  An acid dragon zombie (Crypt:2)
  An ogre zombie (Crypt:1)
  5 mummies (Tomb:1)
  22 gnolls
  3 swamp drake zombies (Swamp:4)
  6 adders
  2 shadow imps
  A swamp drake skeleton (Swamp:4)
  2 white imps
  2 ufetubi (D:6)
  2 ribbon worms
  2 dart slugs
  54 orcs
  5 ball pythons
  3 bats
  A bat zombie (Crypt:2)
  10 endoplasms
  9 giant cockroaches
  9 goblins
  4 hobgoblins
  13 jackals
  3 quokkas
  2 frilled lizards
  A gnoll skeleton (Crypt:2)
  10 kobolds
  A quokka zombie (Crypt:1)
  4 rats
  A spectral weapon (Swamp:4)
2364 creatures vanquished.

Vanquished Creatures (others)
  A deep elf death mage (Elf:3)
  A deep elf high priest (Vaults:5)
  A death knight (Crypt:1)
  2 deep elf knights
  A glowing orange brain (Depths:3)
  A deep elf pyromancer (Elf:3)
  A black mamba (Snake:1)
  2 bloated husks
  An air elemental (Elf:3)
  An orc wizard (D:9)
  An orc (D:8)
  6 foxfires (Swamp:2)
  6 starspawn tentacles (WizLab)
25 creatures vanquished.

Grand Total: 2389 creatures vanquished

Notes
Turn   | Place    | Note
-------+----------+-------------------------------------------
     0 | D:1      | seren the Draconian Shapeshifter began the quest for the
                  | Orb.
     0 | D:1      | Reached XP level 1. HP: 16/16 MP: 1/1
    63 | D:1      | Reached XP level 2. HP: 2/23 MP: 2/2
   233 | D:1      | Found a faded altar of an unknown god.
   487 | D:1      | Reached XP level 3. HP: 27/29 MP: 3/3
  1131 | D:2      | Reached XP level 4. HP: 22/36 MP: 4/4
  1222 | D:2      | Found Mohaher's Jewellery Shop.
  1851 | D:3      | Reached XP level 5. HP: 39/42 MP: 3/5
  1977 | D:4      | Noticed a black bear
  2114 | D:4      | Killed a black bear
  2115 | D:4      | Reached skill level 4 in Shapeshifting
  2218 | D:4      | Reached XP level 6. HP: 37/51 MP: 3/6
  2627 | D:5      | Entered Level 5 of the Dungeon
  2840 | D:5      | Reached skill level 5 in Unarmed Combat
  3002 | D:5      | Your scales start taking on an icy white colour.
  3002 | D:5      | Reached XP level 7. HP: 53/58 MP: 7/7
  3002 | D:5      | Gained mutation: Your flesh is cold resistant. (rC+) [White
                  | Draconian growth]
  3544 | D:5      | Reached skill level 5 in Shapeshifting
  3544 | D:5      | Reached XP level 8. HP: 61/67 MP: 6/8
  3818 | D:6      | Found a staircase to the Ecumenical Temple.
  3833 | Temple   | Entered the Ecumenical Temple
  3844 | Temple   | Became a worshipper of the Wu Jian Council
  4060 | D:6      | Reached skill level 5 in Fighting
  4958 | D:7      | Reached skill level 5 in Dodging
  5104 | D:8      | Noticed Joseph
  5314 | D:7      | Reached * piety under Wu Jian
  5553 | D:7      | Reached XP level 9. HP: 17/71 MP: 3/9
  5559 | D:7      | Gained mutation: You are clumsy. (Dex -2) [potion of
                  | mutation]
  5559 | D:7      | Gained mutation: You sometimes lose your temper in combat.
                  | [potion of mutation]
  5559 | D:7      | Gained mutation: Your system is resistant to poisons.
                  | (rPois) [potion of mutation]
  5588 | D:7      | Noticed Maurice
  5795 | D:7      | Maurice changed into Maurice the centaur
  5795 | D:7      | Noticed Maurice
  5803 | D:7      | Killed Maurice the centaur
  6020 | D:7      | Found a white marble altar of Elyvilon.
  6106 | D:7      | Killed Joseph
  6107 | D:7      | Reached skill level 6 in Shapeshifting
  6343 | D:7      | Reached skill level 1 in Evocations
  6377 | D:7      | Lost mutation: You are clumsy. (Dex -2) [potion of
                  | mutation]
  6377 | D:7      | Lost mutation: Your system is resistant to poisons. (rPois)
                  | [potion of mutation]
  6377 | D:7      | Lost mutation: You sometimes lose your temper in combat.
                  | [potion of mutation]
  6377 | D:7      | Gained mutation: You are frail. (-10% HP) [potion of
                  | mutation]
  6377 | D:7      | Gained mutation: Your flesh is heat resistant. (rF+)
                  | [potion of mutation]
  6377 | D:7      | Lost mutation: You are frail. (-10% HP) [potion of
                  | mutation]
  6377 | D:7      | Gained mutation: You are robust. (+10% HP) [potion of
                  | mutation]
  6636 | D:8      | Reached skill level 7 in Shapeshifting
  6640 | D:8      | Reached XP level 10. HP: 90/94 MP: 10/10
  6964 | D:8      | Found a staircase to the Lair.
  7080 | D:8      | Reached ** piety under Wu Jian
  7231 | D:8      | Noticed Psyche
  7409 | D:8      | Killed Psyche
  7552 | D:9      | Noticed a boulder beetle
  7573 | D:8      | Killed a boulder beetle
  7794 | D:8      | Reached skill level 8 in Shapeshifting
  7950 | D:2      | Bought a +4 ring of protection for 468 gold pieces
  8085 | D:7      | Found a radiant altar of Vehumet.
  8433 | D:10     | Entered Level 10 of the Dungeon
  8477 | D:9      | Found Kiajofo's Armour Shop.
  8626 | D:10     | Found Manethre's Weapon Boutique.
  8626 | D:10     | Found a snail-covered altar of Cheibriados.
  8873 | D:10     | Found a portal to a secret trove of treasure.
  8900 | D:10     | Reached XP level 11. HP: 103/103 MP: 11/11
  9247 | D:10     | Identified the +1 leather armour of Ulymyosa {rElec rPois
                  | rC++ Regen+}
  9473 | D:10     | Reached *** piety under Wu Jian
 10032 | D:11     | Noticed a green ugly thing
 10041 | D:11     | Noticed a two-headed ogre
 10044 | D:11     | Killed a cyan ugly thing
 10286 | Lair:1   | Entered Level 1 of the Lair of Beasts
 10452 | Lair:1   | Noticed Zeyted Kurif's ghost (journeyman DEFE)
 10477 | Lair:1   | Reached skill level 9 in Shapeshifting
 10480 | Lair:1   | Found a transporter.
 10484 | Lair:1   | Found a transporter.
 10891 | Lair:1   | Reached skill level 10 in Unarmed Combat
 11082 | Lair:1   | Reached skill level 5 in Evocations
 11311 | Lair:2   | Found a staircase to the Swamp.
 11616 | Lair:2   | Found a staircase to the Snake Pit.
 11920 | Lair:2   | Reached **** piety under Wu Jian
 11938 | Lair:2   | Reached skill level 10 in Shapeshifting
 11980 | Lair:2   | Reached XP level 12. HP: 114/114 MP: 12/12
 12657 | Lair:2   | Noticed Gastronok
 12798 | Lair:3   | Found a gate leading to a gauntlet.
 12932 | Gauntlet | Entered a Gauntlet
 12932 | Gauntlet | Found a transporter.
 12932 | Gauntlet | Found a transporter.
 12935 | Gauntlet | Found a transporter.
 12936 | Gauntlet | Found a transporter.
 12936 | Gauntlet | Found a transporter.
 12946 | Gauntlet | Found a transporter.
 12991 | Gauntlet | Found a transporter.
 13011 | Gauntlet | Found a transporter.
 13016 | Gauntlet | Found a transporter.
 13026 | Gauntlet | Found the +5 glaive of the Guard {elec, spectral}
 13028 | Gauntlet | Found a transporter.
 13041 | Gauntlet | Found a transporter.
 13047 | Gauntlet | Found a transporter.
 13381 | Lair:3   | Reached skill level 10 in Dodging
 13427 | Lair:3   | Reached skill level 11 in Shapeshifting
 13482 | Lair:3   | Reached ***** piety under Wu Jian
 13538 | Lair:3   | You fall into a shaft and drop 1 floor!
 13570 | Lair:4   | Found a viscous altar of Jiyva.
 13669 | Lair:3   | Found a runed translucent door.
 13912 | Lair:3   | Noticed Rupert
 14074 | Lair:4   | Reached skill level 12 in Shapeshifting
 14092 | Lair:4   | Reached XP level 13. HP: 112/124 MP: 13/13
 14114 | Lair:4   | Found a staircase to the Slime Pits.
 14241 | Lair:4   | Identified the ring of Discretion {*Slow rF- rC+ Str+9
                  | SInv}
 14243 | Lair:4   | Found a hazy altar of Hepliaklqana.
 14577 | Lair:4   | Found a runed translucent door.
 14589 | Lair:4   | Noticed Shiggs's ghost (journeyman TeRe)
 14727 | Lair:5   | Entered Level 5 of the Lair of Beasts
 14811 | Lair:5   | Reached skill level 13 in Shapeshifting
 15256 | Lair:5   | Reached skill level 14 in Shapeshifting
 15526 | Lair:5   | Noticed a dire elephant
 15539 | Lair:5   | Killed a dire elephant
 15670 | Lair:5   | Identified the +2 pair of boots of Buaqoq {rPois rCorr
                  | Str+5 Dex-4}
 15806 | Lair:5   | Reached skill level 15 in Shapeshifting
 16226 | Lair:2   | Reached skill level 10 in Fighting
 16527 | Lair:2   | Killed Gastronok
 16634 | Lair:5   | Found a burning altar of Makhleb.
 16734 | Lair:5   | Reached XP level 14. HP: 132/133 MP: 14/14
 16844 | Lair:5   | Found a gateway to Hell.
 16852 | Lair:5   | Got the Volume of Hexing and the Crevasse
 17529 | D:11     | You fall into a shaft and drop 3 floors!
 17530 | D:14     | Noticed Louise
 17541 | D:14     | Found a stormy altar of Qazlal.
 18024 | D:12     | Found Xukiufirr's Weapon Shoppe.
 18040 | D:12     | Reached ****** piety under Wu Jian
 18061 | D:12     | Found Doakhuof's Jewellery Shop.
 18219 | D:12     | Found Uhad's General Store.
 18222 | D:12     | Bought a potion of heal wounds for 60 gold pieces
 18225 | D:12     | Learned a level 2 spell: Ensorcelled Hibernation
 18526 | D:12     | Bought the ring of the Swan {Ice rElec MP-9 Str+4 SInv} for
                  | 359 gold pieces
 18873 | D:11     | Found Piops's Antique Weapon Emporium.
 19009 | D:11     | Found a staircase to the Orcish Mines.
 19128 | Orc:1    | Entered Level 1 of the Orcish Mines
 19215 | Orc:2    | Entered Level 2 of the Orcish Mines
 19215 | Orc:2    | Found Alykaceeqe's Antique Weapon Shoppe.
 19266 | Orc:1    | Reached skill level 16 in Shapeshifting
 19304 | Orc:2    | Noticed Erolcha
 19332 | Orc:2    | Paralysed by an orc sorcerer for 4 turns
 19387 | Orc:2    | Killed Erolcha
 19400 | Orc:2    | Noticed Jorgrun
 19413 | Orc:2    | Killed Jorgrun
 19523 | Orc:2    | Found Ziall's Antique Armour Shop.
 19536 | Orc:2    | Found Romyexzi's General Store.
 19536 | Orc:2    | Noticed an orc warlord
 19550 | Orc:2    | Killed an orc warlord
 19588 | Orc:2    | Bought a scroll of teleportation for 45 gold pieces
 19759 | Orc:2    | Found Zeacw's Jewellery Emporium.
 19782 | Orc:2    | Noticed Sonja
 19784 | Orc:2    | Found a staircase to the Elven Halls.
 19789 | Orc:2    | Killed Sonja
 20472 | Orc:2    | Bought a granite talisman for 1080 gold pieces
 20691 | D:12     | Bought a scroll of identify for 24 gold pieces
 20863 | Swamp:1  | Entered Level 1 of the Swamp
 20903 | Swamp:1  | Reached XP level 15. HP: 100/143 MP: 15/15
 21320 | Swamp:1  | Found a runed translucent gate.
 21320 | Swamp:1  | Found a runed translucent gate.
 21321 | Swamp:1  | Found a runed translucent gate.
 21326 | Swamp:1  | Noticed Ricegish's ghost (adept GnFi)
 21719 | Swamp:2  | Identified the +7 war axe of Anxiety {holy, rC+ rCorr
                  | Stlth+}
 21855 | Swamp:2  | Noticed Ricegish's ghost (adept GnFi)
 21855 | Swamp:2  | Found the amulet of Vitality {RegenMP++ Regen++}
 21878 | Swamp:2  | Found a runed translucent door.
 22221 | Swamp:3  | Reached skill level 1 in Shields
 22232 | Swamp:3  | Noticed a thorn hunter
 22380 | Snake:1  | Entered Level 1 of the Snake Pit
 22650 | Snake:1  | Reached skill level 17 in Shapeshifting
 23198 | Snake:1  | Identified the +0 leather armour of the Game of Life {Harm
                  | rN+ Str+4}
 23838 | Snake:2  | Found Milum's Book Shop.
 24124 | Snake:2  | Found Nymaunun's Antique Armour Boutique.
 24126 | Snake:2  | Found Cuawn's Antique Armour Shop.
 24126 | Snake:2  | Found Wyphapsa's Jewellery Boutique.
 24132 | Snake:2  | Found Regiadu's Jewellery Shop.
 24149 | Snake:2  | Noticed Wammyab's ghost (adept DsNe)
 24305 | Snake:2  | Found a runed translucent gate.
 24305 | Snake:2  | Found a runed translucent gate.
 24317 | Snake:2  | Found a runed translucent gate.
 24419 | Snake:2  | Reached XP level 16. HP: 155/155 MP: 16/16
 25313 | Snake:3  | Identified a scroll of acquirement
 25314 | Snake:3  | Acquired 839 gold pieces
 25828 | Snake:3  | Found Cinkel's Book Emporium.
 25829 | Snake:3  | Found Goos's Jewellery Shop.
 25830 | Snake:3  | Found Hounus's Book Emporium.
 25873 | Snake:3  | Reached skill level 5 in Shields
 26078 | Snake:4  | Entered Level 4 of the Snake Pit
 26089 | Snake:3  | Reached skill level 18 in Shapeshifting
 26371 | Snake:4  | Identified the +3 chain mail "Tuafeluo" {rPois rCorr Str-4
                  | Int+7}
 27169 | Snake:4  | Reached XP level 17. HP: 166/166 MP: 17/17
 27201 | Snake:4  | Noticed Vashnia
 27368 | Snake:4  | Killed Vashnia
 27598 | Snake:4  | Got a serpentine rune of Zot
 28018 | D:13     | Acquired 763 gold pieces
 28131 | D:13     | Found a gate to the Vaults.
 28309 | D:13     | Found Diroliaf's Antique Weapon Shoppe.
 28619 | Orc:2    | Bought an embroidered cloak for 217 gold pieces
 28643 | Orc:2    | Bought a talisman of death for 1440 gold pieces
 28963 | Swamp:1  | Killed Ricegish's ghost
 29132 | Lair:1   | Reached skill level 19 in Shapeshifting
 29147 | Lair:1   | Killed Zeyted Kurif's ghost
 29350 | Lair:4   | Killed Shiggs's ghost
 30066 | Swamp:4  | Entered Level 4 of the Swamp
 30068 | Swamp:4  | Noticed a tentacled monstrosity
 30083 | Swamp:4  | Killed a tentacled monstrosity
 30227 | Swamp:4  | Noticed Roxanne
 30592 | Swamp:4  | Reached XP level 18. HP: 176/176 MP: 18/18
 30659 | Swamp:4  | Found a blossoming altar of Fedhas.
 30684 | Swamp:4  | Found a basalt altar of Yredelemnul.
 30697 | Swamp:4  | Identified the +2 shortbow of Onerat {heavy, rN+ Int+4
                  | Dex+3}
 30700 | Swamp:4  | Got a decaying rune of Zot
 30754 | Swamp:4  | Reached skill level 20 in Shapeshifting
 31177 | Vaults:1 | Entered Level 1 of the Vaults
 31482 | Vaults:1 | Reached skill level 15 in Dodging
 31719 | Vaults:1 | Found Xummoted's Book Boutique.
 31918 | Vaults:1 | Found Uxoev's Weapon Shoppe.
 32081 | Vaults:1 | Found Qagaetal's Antique Armour Shop.
 32160 | Vaults:1 | Found Turghav's Armour Shoppe.
 32312 | Vaults:1 | Found Akousawycw's Assorted Antiques.
 32344 | Vaults:1 | Found a white marble altar of Elyvilon.
 32637 | Vaults:2 | Found Plog's Assorted Antiques.
 32637 | Vaults:2 | Found Sopnashro's Weapon Shop.
 32916 | Vaults:2 | Identified the orb "Trusted Companion" {light, Will+}
 32916 | Vaults:2 | Noticed Frederick
 32929 | Vaults:2 | Killed Frederick
 33012 | Vaults:2 | Paralysed by something for 2 turns
 33024 | Vaults:2 | Found a staircase to the Crypt.
 33109 | Vaults:2 | Reached skill level 21 in Shapeshifting
 33283 | Vaults:2 | Found Miub's General Store.
 33497 | Vaults:2 | Found Xuntu's Jewellery Shop.
 33648 | Vaults:2 | Found Dofifa's Distillery.
 34186 | Vaults:3 | Reached XP level 19. HP: 183/183 MP: 19/19
 34937 | Vaults:3 | Noticed Sojobo
 34948 | Vaults:3 | Paralysed by an air elemental for 1 turns
 35028 | Vaults:3 | Paralysed by a vampire knight for 3 turns
 35038 | Vaults:3 | Paralysed by a vampire knight for 3 turns
 35192 | Vaults:2 | Reached skill level 22 in Shapeshifting
 35232 | Vaults:3 | Killed Sojobo
 35925 | Vaults:4 | Reached skill level 23 in Shapeshifting
 36026 | Vaults:4 | Found a runed translucent door.
 36037 | Vaults:4 | Noticed Wuemn's ghost (adept MiFi)
 36204 | Vaults:4 | Found the +6 Majin-Bo {spellvamp, MP+6 Int+6}
 36699 | Vaults:4 | Reached XP level 20. HP: 191/191 MP: 11/20
 37331 | D:14     | Reached skill level 1 in Spellcasting
 37379 | D:14     | Noticed Frances
 37386 | D:14     | Killed Frances
 37565 | D:14     | Killed Louise
 37670 | D:15     | Entered Level 15 of the Dungeon
 38066 | D:15     | Found a staircase to the Depths.
 38689 | Elf:1    | Entered Level 1 of the Elven Halls
 38701 | Elf:1    | Found a magical portal.
 38727 | WizLab   | Entered Lehudib's Moon Base
 38775 | WizLab   | Found a transporter.
 39086 | WizLab   | Gained mutation: Your spells are a little easier to cast,
                  | but a little less powerful. [a cacodemon]
 39339 | WizLab   | Identified the +2 hat of Parts Unknown {Fly rC- Str+4
                  | Slay+2}
 39407 | WizLab   | Reached skill level 24 in Shapeshifting
 39410 | WizLab   | Found a transporter.
 39865 | WizLab   | Identified the +5 falchion "Duboj" {antimagic, rC- rCorr
                  | Str+2}
 39871 | WizLab   | Identified the ring of Haafras {^Drain rElec rCorr Int+6
                  | Dex+3}
 39876 | WizLab   | Identified the staff of Worud {rElec rF+ Str+4 Dex-3 Fire}
 39908 | WizLab   | Got Lehudib's Incunable of the Valley and Chrysopoeia
 40042 | Elf:1    | Identified the serpent talisman of Vermicelli {Str+4}
 40042 | Elf:1    | Noticed Aizul
 40051 | Elf:1    | Killed Aizul
 40067 | Elf:1    | Reached skill level 5 in Spellcasting
 40233 | Elf:1    | Got the Incunable of the Postmodern Xeniums
 40320 | Elf:1    | Found Muabb's Antique Armour Shop.
 40457 | Elf:1    | Found Suots's Self-Published Books.
 41036 | Elf:2    | Found Padyc's Book Shoppe.
 41233 | Elf:2    | Paralysed by an air elemental for 1 turns
 41290 | Elf:2    | Learned a level 1 spell: Apportation
 41414 | Elf:2    | Found a runed translucent gate.
 41415 | Elf:2    | Found a runed translucent gate.
 41415 | Elf:2    | Found a runed translucent gate.
 41578 | Elf:2    | Reached XP level 21. HP: 199/199 MP: 21/30
 41939 | Elf:3    | Entered Level 3 of the Elven Halls
 41987 | Elf:3    | Paralysed by an air elemental for 1 turns
 42528 | Elf:3    | Reached skill level 25 in Shapeshifting
 42765 | Elf:3    | Got Zomusk's Guide on the Weird Iceberg
 42836 | Elf:3    | Found the amulet of the Air {Inacc Air Fly rElec RMsl}
 42869 | Elf:3    | Identified the staff of Voracious Valiance {+Blink rF- rC+
                  | Dex+2 Ice}
 42894 | Elf:3    | Identified the ring "Tetoh" {rC++ rN+ Will+ Str+2}
 43305 | Snake:2  | Bought a storm talisman for 1360 gold pieces
 43308 | Snake:2  | Bought the amulet "Bafab" {Reflect Rampage rElec rF+++
                  | Dex-5 SH+5} for 1301 gold pieces
 43358 | Snake:2  | Killed Wammyab's ghost
 43471 | Lair:3   | Killed Rupert
 43472 | Lair:3   | Reached skill level 15 in Fighting
 43472 | Lair:3   | Reached skill level 1 in Translocations
 43799 | Elf:1    | Bought a faintly humming hat for 288 gold pieces
 43799 | Elf:1    | Identified the +1 hat "Qosuud" {Regen+ Dex+3} (You bought
                  | it in a shop on level 1 of the Elven Halls)
 44185 | Crypt:1  | Entered Level 1 of the Crypt
 44653 | Crypt:1  | Learned a level 4 spell: Manifold Assault
 45666 | Crypt:2  | Noticed Vv
 45692 | Crypt:2  | Killed Vv
 45693 | Crypt:2  | Reached skill level 15 in Unarmed Combat
 45994 | Crypt:3  | Entered Level 3 of the Crypt
 46193 | Crypt:2  | Found an ancient bone altar of Kikubaaqudgha.
 46427 | Crypt:3  | Reached XP level 22. HP: 211/211 MP: 25/34
 46435 | Crypt:3  | Found a basalt altar of Yredelemnul.
 46744 | Crypt:3  | Identified the +3 scale mail of Tusysch {rElec rN++}
 46803 | Crypt:3  | Identified the staff of Ytoonien {Stlth+ Earth}
 46845 | Crypt:3  | Found the +3 pair of seven-league boots {Rampage+∞}
 46888 | Crypt:3  | Noticed Khufu
 46957 | Crypt:3  | Killed Khufu
 46958 | Crypt:3  | Found a staircase to the Tomb.
 47007 | Tomb:1   | Entered Level 1 of the Tomb of the Ancients
 47231 | Tomb:1   | Reached skill level 5 in Translocations
 47331 | Tomb:1   | Noticed a royal mummy
 47364 | Tomb:1   | Killed a royal mummy
 47546 | Crypt:3  | Reached skill level 10 in Evocations
 47556 | Crypt:3  | Identified the amulet of Linearity {Faith -Cast Str+4}
 48064 | Elf:1    | Bought a glowing cloak for 240 gold pieces
 48081 | Elf:1    | Bought a pair of runed gloves for 240 gold pieces
 49024 | Slime:1  | Entered Level 1 of the Pits of Slime
 49194 | Slime:2  | Noticed Dissolution
 49212 | Slime:2  | Killed Dissolution
 49269 | Slime:2  | Reached skill level 26 in Shapeshifting
 50380 | Slime:5  | Entered Level 5 of the Pits of Slime
 50804 | Slime:5  | Reached XP level 23. HP: 218/218 MP: 21/35
 50938 | Slime:5  | Found a viscous altar of Jiyva.
 50938 | Slime:5  | Noticed the Royal Jelly
 51348 | Slime:5  | Killed the Royal Jelly
 51552 | Slime:5  | Got a slimy rune of Zot
 51651 | Slime:5  | Got the Anthology of Chrysopoeia
 51663 | Slime:5  | Identified the +1 ring mail of the Blind Marksman {rCorr
                  | Str-2 Stlth+}
 51679 | Slime:5  | Found the +10 morningstar "Eos" {elec, Halo rElec}
 52474 | Lair:4   | Upgraded the game from 0.32-a0-119-g2e8054a333 to
                  | 0.32-a0-131-g9dbbe29261
 52649 | Swamp:4  | Killed Roxanne
 52973 | Depths:1 | Entered Level 1 of the Depths
 53605 | Depths:1 | Learned a level 4 spell: Passage of Golubria
 53727 | Depths:1 | You are sucked into a shaft and drop 1 floor!
 53783 | Depths:1 | Identified the +1 pair of boots "Voerchuap" {rElec rC+
                  | Int+4}
 53957 | Depths:1 | Found a one-way gate leading to the halls of Pandemonium.
 54254 | Depths:2 | Reached skill level 27 in Shapeshifting
 54260 | Depths:2 | Found a one-way gateway to a ziggurat.
 54557 | Depths:2 | Reached skill level 10 in Translocations
 54711 | Depths:2 | Identified the ring of Keorgh {rElec rCorr Str+6 Int+2}
 54819 | Depths:2 | Noticed a caustic shrike
 54827 | Depths:2 | Killed a caustic shrike
 54836 | Depths:2 | Noticed a caustic shrike
 54857 | Depths:2 | Killed a caustic shrike
 54997 | Depths:2 | Identified the +6 executioner's axe of Cheibriados's Scorn
                  | {venom, rF+++ rN+ Int-3}
 55000 | Depths:2 | Got Sif Muna's Papyrus of the Unholy Arsonist
 55232 | Depths:3 | Noticed Margery
 55246 | Depths:3 | Killed Margery
 55372 | Depths:3 | Noticed Boris
 55379 | Depths:3 | Killed Boris
 55414 | Depths:3 | Noticed Grunn
 55421 | Depths:3 | Killed Grunn
 55552 | Depths:3 | Found a one-way gate to the infinite horrors of the Abyss.
 55577 | Depths:3 | Reached XP level 24. HP: 231/231 MP: 27/36
 56301 | Depths:3 | Found Sofi's Magic Scroll Boutique.
 56303 | Depths:3 | Found Liugubi's Armour Shop.
 56306 | Depths:3 | Found Merier's Distillery.
 56311 | Depths:3 | Bought an orb of wrath for 208 gold pieces
 56724 | Depths:3 | Noticed a juggernaut
 56729 | Depths:3 | Killed a juggernaut
 56784 | Depths:3 | Identified the +9 hand axe of Trauma {pain, rC+++ Will+
                  | Str-4 SInv}
 56891 | Depths:3 | Reached skill level 10 in Spellcasting
 56947 | Depths:3 | Identified the +1 longbow of the Wheel {flame, ^Contam
                  | rF+++ Str+5 Int-4}
 57022 | Depths:4 | Entered Level 4 of the Depths
 57225 | Depths:4 | Found a gate to the Realm of Zot.
 57280 | Depths:4 | Identified the ring of Spontaneous Combustion {Ice Will+}
 57280 | Depths:4 | Noticed Josephina
 57290 | Depths:4 | Killed Josephina
 58811 | Swamp:2  | Killed Ricegish's ghost
 59169 | Vaults:4 | Killed Wuemn's ghost
 59232 | Vaults:5 | Entered Level 5 of the Vaults
 59253 | Abyss:2  | Cast into level 2 of the Abyss (a deep elf demonologist)
 59319 | Vaults:5 | Escaped the Abyss
 59329 | Vaults:5 | Reached XP level 25. HP: 227/244 MP: 28/37
 59342 | Vaults:5 | Identified the amulet "Bebajaotem" {RegenMP +Blink rElec
                  | Int-3 SInv}
 59971 | Vaults:5 | Noticed an ancient lich
 59989 | Vaults:5 | Killed an ancient lich
 60454 | Vaults:5 | Identified the +1 dagger of Jeupij {antimagic, Will+ Dex+4}
 60521 | Vaults:5 | Got a silver rune of Zot
 60584 | Vaults:5 | Identified the +1 morningstar "Yliupedit" {venom, Str-5
                  | Dex+6}
 60587 | Vaults:5 | Identified the +5 orcbow of the Undead {freeze, +Blink
                  | Will+ rCorr Dex-3}
 61247 | Hell     | Entered the Vestibule of Hell
 61247 | Hell     | Noticed Geryon
 61256 | Hell     | Noticed Murray
 61257 | Hell     | Killed Geryon
 61263 | Depths:2 | Reached skill level 1 in Stealth
 61359 | Depths:2 | Killed Murray
 61740 | Hell     | Reached skill level 5 in Stealth
 61806 | Hell     | Reached XP level 26. HP: 257/257 MP: 28/37
 61818 | Hell     | Found a gateway to the decaying netherworld of Tartarus.
 61932 | Hell     | Found a gateway to the freezing wastes of Cocytus.
 62045 | Hell     | Found a gateway to the Iron City of Dis.
 62095 | Hell     | Found a gateway to the ashen valley of Gehenna.
 62452 | Zot:1    | Entered Level 1 of the Realm of Zot
 62563 | Zot:1    | Reached skill level 10 in Shields
 63033 | Zot:1    | HP: 7/257 [broodmother[a protean progenitor] (45)]
 63037 | Zot:1    | Mangled by a broodmother

Illustrated notes

Levels and vault maps discovered:
D:1:      evilmike_arrival_crescent, layout_loops_ring,
          shapermc_ecumenical_altar_ellora, minmay_tromino_v4_c
D:2:      layout_rooms, serial_shops, nicolae_shop_trees
D:3:      minmay_diamond_boxcup, layout_rooms
D:4:      layout_rooms
D:5:      minmay_chambers_of_fours, layout_rooms, serial_bayou_pond_e,
          dk_vineyard_1, kennysheep_generic_room_11
D:6:      layout_gridville, minmay_temple_entry_slanted
D:7:      layout_rooms, nicolae_elyvilon_temple_path,
          nicolae_overflow_hidden_temple, uniq_maurice
D:8:      minmay_spotlight, layout_rooms, dpeg_oklobed_lair, uniq_psyche,
          uniq_joseph
D:9:      layout_big_octagon, serial_shops, nicolae_shop_behind_doors
D:10:     layout_grid_maze, cheibriados_altar_1, enter_trove_6,
          nicolae_stop_n_shop_2
D:11:     nzn_winding_woodlands_stair_trap [nzn_winding_woodlands_5x15_pockets,
          nzn_winding_woodlands_5x15_lazy_stream,
          nzn_winding_woodlands_5x15_cabin,
          nzn_winding_woodlands_15x15_five_gardens,
          nzn_winding_woodlands_5x15_eye, nzn_winding_woodlands_5x15_longhouse,
          nzn_winding_woodlands_5x15_sidewinder], layout_rooms, orc_0_dummy,
          serial_shops, shop
D:12:     layout_small_grid, serial_shops, shop,
          nicolae_shop_pleasant_corner_grove, nicolae_shop_behind_doors,
          nicolae_shop_pleasant_corner_grove
D:13:     layout_rooms, lightli_vaults_fourway_checkpoint, serial_shops,
          shop_fountains
D:14:     layout_roguey, nicolae_concentric_dashed_squares_wild,
          corner_web_ring, grunt_qazlal_clouds, uniq_frances, uniq_louise
D:15:     grunt_enter_depths_hoard, layout_loops_ring, wad_floor_pattern_2
Temple:   nicolae_temple_bog_church
Lair:1:   layout_chaotic_city, gammafunk_ghost_hive, grunt_megastairs_3
Lair:2:   layout_cellular_growth, swamp_mist, guppyfry_snake_entry_island,
          uniq_gastronok
Lair:3:   layout_cave_shapes, gauntlet_entry_generic, wad_woods_road_01,
          pdpol_lair_cabin_in_the_woods
Lair:4:   layout_misc_corridors, slime_entry_1, ebering_ghost_inner_flame,
          basic_altar, st_stairs_6, chequers_serial_rivers_marsh,
          serial_bayou_shore_a
Lair:5:   evil_forest, layout_small_grid, portal_ice_cave_entry_pillars_2,
          minivault_24
Swamp:1:  layout_basic_swamp, gammafunk_ghost_necromancy,
          evilmike_swamp_ruin_house_2, swamp_pool_3
Swamp:2:  layout_falls_marsh, gammafunk_ghost_grave,
          nicolae_swamp_rocky_clearing
Swamp:3:  layout_falls_marsh, serial_swamp_ruin, evilmike_swamp_ruin_house_3,
          evilmike_swamp_ruin_house_1, evilmike_swamp_ruin_house_4
Swamp:4:  byrel_swamp_growth_death_and_undeath, layout_basic_swamp, uniq_roxanne
Snake:1:  layout_layer_cave, special_room
Snake:2:  layout_chambers, serial_shops, nicolae_shop_tiny_glass,
          gammafunk_ghost_split, grunt_ministairs_1, hangedman_corner_corridor,
          minmay_shoptagon
Snake:3:  kennysheep_six_static_rooms, layout_gridlike, minmay_shop_grove
Snake:4:  johnstein_snake_rune_scales, layout_gridlike, grunt_megastairs_2
Slime:1:  layout_caves
Slime:2:  layout_caves, dissolution_awaits
Slime:3:  layout_caves
Slime:4:  layout_caves, uniq_dissolution
Slime:5:  slime_pit_nicolae_block_by_block
Orc:1:    layout_caves
Orc:2:    grunt_orc_gardens, layout_caves, grunt_orc_garden, grunt_orc_garden,
          grunt_orc_garden, grunt_orc_garden, uniq_jorgrun, uniq_sonja,
          uniq_erolcha
Elf:1:    layout_gridlike, serial_shops, shop, infiniplex_enter_wizlab_water,
          minmay_elf_annihilation, serial_library_regret_index_boxing,
          st_stairs_7, nicolae_custom_books, amethyst_killhole, uniq_aizul
Elf:2:    nicolae_elf_blades_crystal_corner, layout_gridlike, serial_shops,
          nicolae_shop_real_fake_doors
Elf:3:    elf_hall_gauntlet_wide, layout_geoelf_diagonals,
          hangedman_elven_ridges
Vaults:1: nicolae_vaults_alarming, nicolae_vaults_tetromino_T_2,
          ontoclasm_vaults_tryst, lemuel_angel_altar,
          nicolae_vaults_bisected_exclaves, vaults_room_pools,
          nicolae_vaults_stand_back, vaults_room_ringed_pool,
          nicolae_vaults_double_plus_1, dpeg_vaults_monster_box,
          layout_vaults_quadrants, serial_shops, shop,
          nicolae_shop_tiny_waterfront, nicolae_shop_rolling_square,
          nicolae_shop_bloodbath_and_beyond, shop
Vaults:2: nicolae_vaults_storage_closets_1, minmay_crypt_entry_simple_walls,
          hangedman_vaults_slice, nicolae_vaults_windows_and_doors_thing,
          nicolae_vaults_little_squares_6, nicolae_vaults_surprise_closet,
          ontoclasm_vaults_loading_screen, nicolae_vaults_weapon_check,
          layout_vaults_big_room, serial_shops, shop,
          nicolae_shop_gibbet_a_chance, shop_statue, nicolae_diamond_shop,
          shop_statue, uniq_frederick
Vaults:3: nicolae_vaults_stepped_doors, nicolae_vaults_mini_display_case,
          hangedman_vaults_cutoff, v_misc_29, nicolae_vaults_shelves_hall,
          v_misc_3, hangedman_vaults_corner_blocks,
          nicolae_vaults_heart-shaped_vault, nicolae_vaults_double_plus_2,
          sword_in_stone, v_misc_8, ontoclasm_vaults_decontamination,
          vaults_room_pools, layout_vaults_ring
Vaults:4: hellmonk_ghost_happy_afterlife, v_alt_pattern_4, v_misc_25,
          grunt_vaults_diagonal, ontoclasm_vaults_fault,
          vaults_standard_mumra_x, v_pattern_3, hangedman_vaults_stagger,
          nicolae_vaults_stairing_the_circle, nicolae_vaults_more_shelving_1,
          nicolae_vaults_apartment_2, layout_vaults_omnicross
Vaults:5
Crypt:1:  layout_misc_corridors
Crypt:2:  layout_basic, lemuel_upstairs_altar, uniq_vv
Crypt:3:  grunt_crypt_end_deaths_head
Tomb:1
Depths:1: layout_basic, dk_noncrumbling_3, pan_entry, hellmouth_3,
          kennysheep_potato
Depths:2: kennysheep_bubble_arena, layout_gridlike, enter_ziggurat_f,
          rand_demon_pan_entry_8, serial_sigils_hangedman_etch, hell_entry
Depths:3: evilmike_diamond_1, layout_gridlike, pf_coc_iceberg,
          chequers_serial_rivers_micro_d, abyss_entry_small_statue_room,
          minmay_shop_star, infiniplex_staircase_zigzag_2, grunt_megastairs_1,
          uniq_margery, uniq_boris, uniq_grunn
Depths:4: evilmike_zot_entry_argh, layout_cave_pools, grunt_hell_entry_dis_mu,
          minmay_misc_feat_iff, serial_bayou_shore_b, uniq_josephina
Hell
Zot:1:    layout_gridville, regret_index_zotdec_obsidian_hm
Zot:2:    layout_gridlike

Skill      XL: |  1  2  3  4  5  6  7  8  9 10 11 12 13 14 15 16 17 18 19 20 21 22 23 24 25 26 |
---------------+-------------------------------------------------------------------------------+-----
Dodging        | 2 3 4 5 6 7 9 10 11 12 14 16 18 19 20 | 20.7
Fighting       | 2 3 4 5 7 8 9 10 11 12 13 14 15 16 17 18 | 18.6
Unarmed Combat | 4 5 6 7 8 9 10 11 12 13 14 15 16 17 18 | 18.0
Shapeshifting  | 4 5 7 8 10 12 15 16 17 18 19 21 23 24 25 26 27 | 27.0
Evocations     | 2 4 5 6 7 8 11 12 14 | 14.6
Shields        | 3 6 7 9 10 | 10.7
Spellcasting   | 6 8 9 10 | 10.0
Translocations | 3 7 10 11 13 | 13.2
Stealth        | 5 7 |  7.4

Action                     |  1- 3 |  4- 6 |  7- 9 | 10-12 | 13-15 | 16-18 | 19-21 | 22-24 | 25-27 || total
---------------------------+-------+-------+-------+-------+-------+-------+-------+-------+-------++-------
  Melee: Unarmed           |   130 |   146 |   319 |  1003 |  1295 |  1582 |  1846 |  1925 |  1039 ||  9285
         Tailslap          |    14 |    26 |    56 |   162 |   170 |   269 |   339 |   297 |   220 ||  1553
         Punch             |     1 |     5 |    11 |       |    21 |    24 |   104 |   137 |    27 ||   330
         Constrict         |       |       |       |       |    70 |       |       |       |       ||    70
  Throw: Throwing net      |       |       |       |       |       |       |     3 |     1 |       ||     4
   Cast: Manifold Assault  |       |       |       |       |       |       |       |    32 |     7 ||    39
         Passage of Golubr |       |       |       |       |       |       |       |     1 |       ||     1
 Invoke: Serpent's Lash    |       |       |       |       |     1 |     3 |     1 |     6 |       ||    11
         Heavenly Storm    |       |       |       |       |     1 |     4 |     3 |     7 |     2 ||    17
Ability: Breathe Frost     |       |       |     1 |       |       |       |       |       |       ||     1
         Lunge             |       |       |     7 |    28 |    66 |    69 |   119 |   190 |    78 ||   557
         Whirlwind         |       |       |     4 |   170 |    83 |   506 |   488 |   686 |   400 ||  2337
         Wall Jump         |       |       |       |     8 |     1 |    11 |     3 |     7 |     2 ||    32
         Begin Untransform |       |       |       |       |     1 |     6 |       |     1 |       ||     8
         Blinkbolt         |       |       |       |       |       |       |     1 |     4 |       ||     5
         Siphon Essence    |       |       |       |       |       |       |       |     2 |     1 ||     3
  Evoke: Wand              |       |       |     4 |     1 |       |    12 |       |       |       ||    17
         Phantom mirror    |       |       |       |       |       |     1 |     2 |     2 |       ||     5
         Phial of floods   |       |       |       |       |       |       |     1 |     1 |       ||     2
         Lightning rod     |       |       |       |       |       |       |       |     7 |       ||     7
         Condenser vane    |       |       |       |       |       |       |       |     1 |       ||     1
    Use: Potion            |       |       |     8 |     1 |       |     2 |       |     1 |       ||    12
         Scroll            |       |       |     1 |     5 |    15 |    12 |     6 |    10 |     2 ||    51
   Stab: Sleeping          |     1 |     2 |       |       |     1 |     3 |     3 |       |       ||    10
         Distracted        |       |       |       |       |       |     2 |     2 |       |       ||     4
         Held in net/web   |       |       |       |       |       |       |     1 |     2 |       ||     3
 Armour: Skin              |    67 |    68 |   159 |   380 |   805 |  1222 |  1399 |   589 |   441 ||  5130
  Dodge: Dodged            |    92 |   136 |   375 |  1023 |  1366 |  2050 |  1603 |  1098 |   574 ||  8317
  Block: Buckler           |       |       |       |       |    57 |   494 |       |       |       ||   551
         Other             |       |       |       |       |       |       |       |    87 |    16 ||   103
         Reflection        |       |       |       |       |       |       |       |     5 |     4 ||     9
   Form: Flux              |       |       |     1 |       |     2 |       |       |       |       ||     3
         Serpent           |       |       |       |       |     4 |       |       |       |       ||     4
         Statue            |       |       |       |       |     2 |     7 |     5 |     3 |       ||    17
                           |       |       |       |       |       |     1 |       |       |       ||     1
         Death             |       |       |       |       |       |       |     8 |     6 |     2 ||    16
         Storm             |       |       |       |       |       |       |     2 |     4 |     1 ||     7

Table legend: (Time is in decaauts)
 A = Elapsed time spent in this place.
 B = Non-inter-level travel time spent in this place.
 C = Inter-level travel time spent in this place.
 D = Time resting spent in this place.
 E = Time spent auto-exploring this place.
 F = Levels seen in this place.
 G = Mean time per level.
                   A        B        C        D        E       F      G
               +--------+--------+--------+--------+--------+-----+--------+
         Total |  72122 |  62714 |   9408 |   7024 |  32252 |  58 | 1243.5 |
       Dungeon |  17393 |  13684 |   3709 |   2446 |   7098 |  15 | 1159.5 |
        Temple |     22 |      2 |     20 |      0 |      0 |   1 |   22.0 |
          Lair |   7499 |   5998 |   1501 |    698 |   3017 |   5 | 1499.8 |
         Swamp |   5315 |   4935 |    380 |    542 |   2225 |   4 | 1328.8 |
     Snake Pit |   8124 |   7695 |    429 |    225 |   5073 |   4 | 2031.0 |
    Slime Pits |   3410 |   3240 |    170 |    401 |   1536 |   5 |  682.0 |
  Orcish Mines |   1875 |   1319 |    556 |    135 |    745 |   2 |  937.5 |
   Elven Halls |   4821 |   4287 |    534 |    118 |   2379 |   3 | 1607.0 |
        Vaults |  10992 |   9634 |   1358 |    795 |   4994 |   5 | 2198.4 |
         Crypt |   3160 |   2868 |    292 |    170 |   1353 |   3 | 1053.3 |
          Tomb |    435 |    435 |      0 |      7 |     60 |   1 |  435.0 |
        Depths |   5989 |   5587 |    402 |   1289 |   2726 |   4 | 1497.2 |
          Hell |    800 |    747 |     53 |    112 |    377 |   1 |  800.0 |
           Zot |    508 |    508 |      0 |      2 |    177 |   2 |  254.0 |
         Abyss |     50 |     50 |      0 |      0 |      0 |   1 |   50.0 |
        Wizlab |   1463 |   1463 |      0 |     81 |    455 |   1 | 1463.0 |
      Gauntlet |    260 |    260 |      0 |      0 |     34 |   1 |  260.0 |
               +--------+--------+--------+--------+--------+-----+--------+

Top non-repeatable levels by time:
Vaults:1: 2647 daAuts
Vaults:2: 2526 daAuts
    D:11: 2215 daAuts
Vaults:3: 2192 daAuts
 Snake:4: 2164 daAuts
 Snake:2: 2119 daAuts
  Lair:2: 2020 daAuts
Vaults:4: 2011 daAuts
Depths:3: 1977 daAuts
 Snake:3: 1922 daAuts
 Snake:1: 1918 daAuts
   Elf:2: 1832 daAuts
  Lair:1: 1781 daAuts
 Slime:5: 1770 daAuts
Depths:2: 1758 daAuts
